Oilers vs Stars
(R1)
Created - 7 janvier 2013 at 19:04
Goals
|
| Oilers |
1 |
1 |
2 |
4 |
| Stars |
1 |
0 |
1 |
2 |
|
Shots
|
| Oilers |
6 |
15 |
8 |
29 |
| Stars |
11 |
16 |
7 |
34 |
|
1st period
1. Stars , Glen Metropolit 2 (Jan Hlavac, Branislav Mezei) at 9:14
2. Oilers , Jonathan Toews 4 (Ilya Kovalchuk) at 10:10 (PP)
Penalties :
Cory Stillman (Dal) for Hooking (Minor) at 0:11, Eric Nystrom (Edm) for Hooking (Minor) at 6:30, Nathan Horton (Dal) for Tripping (Minor) at 9:19
2nd period
3. Oilers , Pavol Demitra 16 (Ilya Kovalchuk, Jonathan Toews) at 2:23
Penalties :
Eric Nystrom (Edm) for Tripping (Minor) at 3:55, Patrick Marleau (Edm) for Holding (Minor) at 7:01, Cory Stillman (Dal) for Tripping (Minor) at 7:48, Johnny Oduya (Dal) for Hooking (Minor) at 9:14
3rd period
4. Oilers , Ilya Kovalchuk 8 (Patrick Marleau) at 5:36
5. Stars , Cory Stillman 9 (Nathan Horton, Glen Metropolit) at 9:00 (PP)
6. Oilers , Joe Pavelski 13 (Patrick Marleau, Erik Rasmussen) at 18:16
Penalties :
Cory Stillman (Dal) for High sticking (Minor) at 6:51, Ian White (Edm) for Hooking (Minor) at 8:32
Goalie Stats
Byron Dafoe (Edm), 32 saves from 34 shots - (0,941), W, 4-3-0, 60:00 minutes
Miika Kiprusoff (Dal), 25 saves from 29 shots - (0,862), L, 7-11-2, 60:00 minutes
Players Stats for Oilers
Player Name G A P +/- PIM S H SB GA TA FO MP PP MP PK MP
------------------------------------------------------------------------------------
Eric Nystrom 0 0 0 0 4 0 2 0 1 1 0/0 8:20 0:00 0:22
Erik Rasmussen 0 1 1 1 0 3 0 0 0 0 7/24 20:57 3:51 2:40
Ian White 0 0 0 0 2 1 0 1 0 0 0/0 19:32 2:45 0:00
Ilya Kovalchuk 1 2 3 1 0 8 1 0 1 0 0/0 19:09 2:53 1:34
Jiri Slegr 0 0 0 0 0 1 2 1 1 1 0/0 23:03 2:46 3:02
Joe Callahan 0 0 0 2 0 0 0 0 0 0 0/0 18:51 3:44 1:43
Joe Pavelski 1 0 1 1 0 2 1 0 0 0 2/2 17:43 2:39 0:00
Jonathan Toews 1 1 2 1 0 3 2 0 0 0 6/16 16:56 2:39 0:21
Kurtis Foster 0 0 0 0 0 3 2 2 0 1 0/0 21:57 3:58 0:10
Mark Fistric 0 0 0 2 0 2 0 2 0 0 0/0 15:40 0:00 3:02
Marty Reasoner 0 0 0 0 0 0 1 1 0 0 6/12 14:18 0:14 1:54
Pascal Dupuis 0 0 0 0 0 1 2 0 1 1 0/0 7:49 0:00 0:00
Patrick Kaleta 0 0 0 0 0 2 0 0 0 0 0/0 10:44 0:00 0:00
Patrick Marleau 0 2 2 1 2 1 3 0 1 1 0/2 18:30 4:05 0:00
Pavol Demitra 1 0 1 1 0 1 2 0 0 0 1/2 17:24 3:51 0:00
Rob Scuderi 0 0 0 0 0 1 2 3 1 1 0/0 20:56 0:14 1:53
Steve Begin 0 0 0 0 0 0 0 0 2 0 0/0 13:15 0:00 1:54
Vernon Fiddler 0 0 0 0 0 0 0 0 0 0 2/4 8:27 0:00 1:05
Players Stats for Stars
Player Name G A P +/- PIM S H SB GA TA FO MP PP MP PK MP
------------------------------------------------------------------------------------
Alexei Kovalev 0 0 0 -1 0 2 1 1 1 0 0/0 16:44 2:44 0:00
Branislav Mezei 0 1 1 0 0 2 1 1 0 1 0/0 22:32 1:37 4:57
Brendan Bell 0 0 0 -2 0 0 0 2 0 0 0/0 11:58 0:00 0:00
Cory Stillman 1 0 1 -2 6 5 2 0 0 0 1/1 20:41 2:07 2:06
David Legwand 0 0 0 0 0 2 0 2 0 0 3/5 3:43 1:00 1:02
Evgeny Artyukhin 0 0 0 0 0 0 0 0 1 0 0/0 6:20 0:00 0:00
Filip Novak 0 0 0 0 0 1 0 1 0 0 0/0 23:36 1:37 4:57
Glen Metropolit 1 1 2 0 0 3 0 0 0 0 4/4 14:36 0:10 1:42
Jan Hlavac 0 1 1 1 0 1 2 1 0 0 0/0 12:16 0:00 1:29
Johnny Oduya 0 0 0 0 2 0 1 0 1 2 0/0 24:25 3:18 1:46
Marcus Nilson 0 0 0 0 0 1 3 0 0 1 1/3 11:05 0:06 0:41
Mark Parrish 0 0 0 1 0 0 1 1 0 0 1/1 9:48 0:00 0:00
Mathieu Schneider 0 0 0 0 0 2 1 2 1 0 0/0 23:57 3:18 0:14
Mike Modano 0 0 0 -1 0 4 3 1 1 1 12/19 20:21 2:44 4:32
Nathan Horton 0 1 1 -2 2 4 2 0 0 2 0/0 19:35 2:05 0:51
Patrik Elias 0 0 0 -1 0 2 1 0 0 0 0/0 16:16 2:44 0:00
Randy Jones 0 0 0 -2 0 1 0 0 0 1 0/0 13:31 0:00 1:33
Steve Rucchin 0 0 0 -1 0 4 2 1 1 0 16/29 19:44 1:04 0:32
3 Stars
1 - Ilya Kovalchuk (Edm)
2 - Jonathan Toews (Edm)
3 - Glen Metropolit (Dal)
Power Play
Oilers - 1 on 5 Attempt(s) - 20,00%
Stars - 1 on 4 Attempt(s) - 25,00%
Penalty Kill
Oilers - 3 on 4 Attempt(s) - 75,00%
- Score 0 goal in Penalty Kill
Stars - 4 on 5 Attempt(s) - 80,00%
- Score 0 goal in Penalty Kill
Official
Referees : L'Ecuyer Frederick and Pollock Kevin
Linesman : Andy McElman and Darren Gibbs
Game Notes
David Legwand is injured at 10:06 of 1st period (Strained Right Elbow)
Finance
Level 1 -- Attendance: 4221 (70,35%) -- Ticket Income 422 100 $
Level 2 -- Attendance: 3702 (74,04%) -- Ticket Income 222 120 $
Level 3 -- Attendance: 1594 (79,70%) -- Ticket Income 55 790 $
Level 4 -- Attendance: 3547 (88,68%) -- Ticket Income 70 940 $
Luxury Box -- Attendance: 690 (69,00%) -- Ticket Income 138 000 $
Game was played at the American Airlines Center
Total Attendance: 13754 (76,41%)
Total Ticket Income: 908 950 $
Total Income: 908 950 $
Oilers
5 vs 5 Forward
Center Left Wing Right Wing Time % Phy DF OF
1 Jonathan Toews Ilya Kovalchuk Pavol Demitra 35 1 1 3
2 Erik Rasmussen Patrick Marleau Joe Pavelski 35 1 1 3
3 Marty Reasoner Steve Begin Patrick Kaleta 20 2 1 2
4 Vernon Fiddler Eric Nystrom Pascal Dupuis 10 1 3 1
5 vs 5 Defense
Defense Defense Time % Phy DF OF
1 Kurtis Foster Rob Scuderi 37 1 2 2
2 Ian White Jiri Slegr 35 1 2 2
3 Joe Callahan Mark Fistric 23 0 3 2
4 Kurtis Foster Joe Callahan 5 1 2 2
PowerPlay Forward
Center Left Wing Right Wing Time % Phy DF OF
1 Jonathan Toews Ilya Kovalchuk Joe Pavelski 50 0 1 4
2 Erik Rasmussen Patrick Marleau Pavol Demitra 50 0 1 4
PowerPlay Defense
Defense Defense Time % Phy DF OF
1 Kurtis Foster Joe Callahan 50 0 2 3
2 Ian White Jiri Slegr 50 0 2 3
Penalty Kill 4 Players Forward
Center Wing Time % Phy DF OF
1 Marty Reasoner Steve Begin 50 1 3 1
2 Erik Rasmussen Eric Nystrom 50 1 3 1
Penalty Kill 4 Players Defense
Defense Defense Time % Phy DF OF
1 Jiri Slegr Mark Fistric 50 1 3 1
2 Joe Callahan Rob Scuderi 50 1 3 1
Penalty Kill - 3 Players Forward
Forward Time % Phy DF OF
1 Marty Reasoner 50 1 2 2
2 Erik Rasmussen 50 1 3 1
Penalty Kill - 3 Players Defense
Defense Defense Time % Phy DF OF
1 Jiri Slegr Mark Fistric 50 1 3 1
2 Joe Callahan Rob Scuderi 50 1 3 1
4 vs 4 Forward
Center Wing Time % Phy DF OF
1 Erik Rasmussen Ilya Kovalchuk 50 1 1 3
2 Marty Reasoner Patrick Marleau 50 1 2 2
4 vs 4 Defense
Defense Defense Time % Phy DF OF
1 Kurtis Foster Rob Scuderi 50 1 2 2
2 Ian White Jiri Slegr 50 1 2 2
Last Minutes Offensive
Center Left Wing Right Wing Defense Defense
Erik Rasmussen Ilya Kovalchuk Joe Pavelski Ian White Kurtis Foster
Last Minutes Defensive
Center Left Wing Right Wing Defense Defense
Jonathan Toews Ilya Kovalchuk Joe Pavelski Ian White Jiri Slegr
Goaltenders
Starting : Byron Dafoe
Backup : Cam Ward
Extra Forwards
Normal : Patrick Marleau, Ilya Kovalchuk, Joe Pavelski - PP : Steve Begin, Patrick Kaleta - PK : Vernon Fiddler
Extra Defensemen
Normal : Ian White, Kurtis Foster, Jiri Slegr - PP : Joe Callahan - PK : Ian White, Kurtis Foster
Penalty Shots
Ilya Kovalchuk, Pavol Demitra, Patrick Marleau, Joe Pavelski, Steve Begin
Stars
5 vs 5 Forward
Center Left Wing Right Wing Time % Phy DF OF
1 David Legwand Cory Stillman Nathan Horton 40 1 2 2
2 Mike Modano Patrik Elias Alexei Kovalev 30 1 2 2
3 Steve Rucchin Marcus Nilson Evgeny Artyukhin 20 1 2 2
4 Glen Metropolit Jan Hlavac Mark Parrish 10 1 2 2
5 vs 5 Defense
Defense Defense Time % Phy DF OF
1 Mathieu Schneider Johnny Oduya 40 1 2 2
2 Branislav Mezei Filip Novak 30 1 2 2
3 Randy Jones Brendan Bell 20 1 2 2
4 Mathieu Schneider Filip Novak 10 1 2 2
PowerPlay Forward
Center Left Wing Right Wing Time % Phy DF OF
1 David Legwand Cory Stillman Nathan Horton 60 1 2 2
2 Mike Modano Patrik Elias Alexei Kovalev 40 1 2 2
PowerPlay Defense
Defense Defense Time % Phy DF OF
1 Mathieu Schneider Johnny Oduya 60 1 2 2
2 Branislav Mezei Filip Novak 40 1 2 2
Penalty Kill 4 Players Forward
Center Wing Time % Phy DF OF
1 Mike Modano Cory Stillman 60 1 2 2
2 David Legwand Nathan Horton 40 1 2 2
Penalty Kill 4 Players Defense
Defense Defense Time % Phy DF OF
1 Branislav Mezei Filip Novak 60 1 2 2
2 Johnny Oduya Randy Jones 40 1 2 2
Penalty Kill - 3 Players Forward
Forward Time % Phy DF OF
1 Mike Modano 60 1 2 2
2 David Legwand 40 1 2 2
Penalty Kill - 3 Players Defense
Defense Defense Time % Phy DF OF
1 Branislav Mezei Filip Novak 60 1 2 2
2 Johnny Oduya Randy Jones 40 1 2 2
4 vs 4 Forward
Center Wing Time % Phy DF OF
1 David Legwand Cory Stillman 60 1 2 2
2 Mike Modano Patrik Elias 40 1 2 2
4 vs 4 Defense
Defense Defense Time % Phy DF OF
1 Mathieu Schneider Johnny Oduya 60 1 2 2
2 Branislav Mezei Filip Novak 40 1 2 2
Last Minutes Offensive
Center Left Wing Right Wing Defense Defense
David Legwand Cory Stillman Nathan Horton Mathieu Schneider Filip Novak
Last Minutes Defensive
Center Left Wing Right Wing Defense Defense
Mike Modano Cory Stillman Nathan Horton Branislav Mezei Filip Novak
Goaltenders
Starting : Miika Kiprusoff
Backup : Chris Osgood
Extra Forwards
Normal : Steve Rucchin, Marcus Nilson, Glen Metropolit - PP : Steve Rucchin, Marcus Nilson - PK : Glen Metropolit
Extra Defensemen
Normal : Randy Jones, Brendan Bell, Branislav Mezei - PP : Brendan Bell - PK : Randy Jones, Brendan Bell
Penalty Shots
Mike Modano, Cory Stillman, Nathan Horton, Steve Rucchin, David Legwand
% Time on Ice - Oilers
Lines # - Real PCT - Wanted PCT - Time Play
Normal Forward
1 - 32% - 35% - 15:01
2 - 29% - 35% - 13:44
3 - 23% - 20% - 10:44
4 - 16% - 10% - 7:22
Normal Defense
1 - 38% - 37% - 17:43
2 - 37% - 35% - 17:34
3 - 25% - 23% - 11:34
4 - 0% - 5% - 0:00
PP Forward
1 - 39% - 50% - 2:39
2 - 61% - 50% - 4:05
PP Defense
1 - 59% - 50% - 3:58
2 - 41% - 50% - 2:46
PK Forward
1 - 42% - 50% - 2:04
2 - 58% - 50% - 2:51
PK Defense
1 - 65% - 50% - 3:12
2 - 35% - 50% - 1:43
PK3 Forward
1 - 0% - 50%
2 - 0% - 50%
PK3 Defense
1 - 0% - 50%
2 - 0% - 50%
44 Forward
1 - 46% - 50% - 0:41
2 - 54% - 50% - 0:49
44 Defense
1 - 64% - 50% - 0:58
2 - 36% - 50% - 0:32
Last Minute Offensive - 0:00
Last Minute Defensive - 0:00
Total
Forward - 60:00
Defense - 60:00
|
% Time on Ice - Stars
Lines # - Real PCT - Wanted PCT - Time Play
Normal Forward
1 - 37% - 40% - 17:11
2 - 30% - 30% - 13:57
3 - 13% - 20% - 5:55
4 - 21% - 10% - 9:48
Normal Defense
1 - 40% - 40% - 18:49
2 - 32% - 30% - 15:00
3 - 26% - 20% - 11:58
4 - 2% - 10% - 1:04
PP Forward
1 - 44% - 60% - 2:11
2 - 56% - 40% - 2:44
PP Defense
1 - 67% - 60% - 3:18
2 - 33% - 40% - 1:37
PK Forward
1 - 83% - 60% - 5:09
2 - 17% - 40% - 1:02
PK Defense
1 - 75% - 60% - 4:38
2 - 25% - 40% - 1:33
PK3 Forward
1 - 100% - 60% - 0:33
2 - 0% - 40% - 0:00
PK3 Defense
1 - 100% - 60% - 0:33
2 - 0% - 40% - 0:00
44 Forward
1 - 100% - 60% - 1:30
2 - 0% - 40% - 0:00
44 Defense
1 - 58% - 60% - 0:52
2 - 42% - 40% - 0:38
Last Minute Offensive - 0:00
Last Minute Defensive - 0:00
Total
Forward - 60:00
Defense - 60:00
|
Play by Play
1st period
0:01 of 1st period - David Legwand wins face-off versus Jonathan Toews in neutral zone.
0:11 of 1st period - Minor Penalty to Cory Stillman for Hooking.
0:12 of 1st period - Mike Modano wins face-off versus Jonathan Toews in Stars zone.
1:49 of 1st period - Kurtis Foster is hit by Jan Hlavac and loses puck.
2:11 of 1st period - Penalty to Cory Stillman is over, Cory Stillman is back on ice.
2:14 of 1st period - Ilya Kovalchuk is hit by Marcus Nilson.
2:28 of 1st period - Marty Reasoner is hit by Mike Modano and loses puck.
2:43 of 1st period - Johnny Oduya is hit by Pascal Dupuis and loses puck.
3:05 of 1st period - Off-side.
3:06 of 1st period - Steve Rucchin wins face-off versus Marty Reasoner in neutral zone.
3:19 of 1st period - Slapshot by Ian White.
3:19 of 1st period - Shot Blocked by Branislav Mezei.
3:29 of 1st period - Steve Begin is hit by Steve Rucchin and loses puck.
3:38 of 1st period - Snap shot by Marcus Nilson.
3:38 of 1st period - Stopped by Byron Dafoe without a rebound.
3:39 of 1st period - Erik Rasmussen wins face-off versus Mike Modano in Oilers zone.
3:52 of 1st period - Randy Jones is hit by Joe Pavelski and loses puck.
4:27 of 1st period - Wrist shot by Pascal Dupuis.
4:27 of 1st period - Stopped by Miika Kiprusoff with a rebound.
4:34 of 1st period - Icing by Ian White.
4:35 of 1st period - Vernon Fiddler wins face-off versus David Legwand in Oilers zone.
4:44 of 1st period - Icing by Nathan Horton.
4:45 of 1st period - David Legwand wins face-off versus Erik Rasmussen in Stars zone.
4:45 of 1st period - David Legwand is hit by Kurtis Foster.
4:51 of 1st period - Snap shot by David Legwand.
4:51 of 1st period - Stopped by Byron Dafoe without a rebound.
4:52 of 1st period - Mike Modano wins face-off versus Erik Rasmussen in Oilers zone.
4:55 of 1st period - Snap shot by Patrik Elias.
4:55 of 1st period - Shot Blocked by Kurtis Foster.
4:57 of 1st period - Snap shot by Alexei Kovalev.
4:57 of 1st period - Shot Misses the Net.
4:59 of 1st period - Backhand shot by Patrik Elias.
4:59 of 1st period - Shot Blocked by Rob Scuderi.
5:01 of 1st period - Snap shot by Patrik Elias.
5:01 of 1st period - Stopped by Byron Dafoe without a rebound.
5:02 of 1st period - Mike Modano wins face-off versus Erik Rasmussen in Oilers zone.
5:48 of 1st period - Rob Scuderi is hit by Nathan Horton.
6:30 of 1st period - Minor Penalty to Eric Nystrom for Hooking.
6:31 of 1st period - Marty Reasoner wins face-off versus David Legwand in Oilers zone.
6:45 of 1st period - Wrist shot by David Legwand.
6:45 of 1st period - Stopped by Byron Dafoe with a rebound.
6:47 of 1st period - Wrist shot by Mathieu Schneider.
6:47 of 1st period - Shot Misses the Net.
7:49 of 1st period - Vernon Fiddler is hit by Patrik Elias and loses puck.
8:30 of 1st period - Penalty to Eric Nystrom is over, Eric Nystrom is back on ice.
8:40 of 1st period - Slapshot by Jiri Slegr.
8:40 of 1st period - Stopped by Miika Kiprusoff with a rebound.
9:14 of 1st period - Wrist shot by Jan Hlavac.
9:14 of 1st period - Deflect By Glen Metropolit.
9:14 of 1st period - Goal by Glen Metropolit - Oilers : 0 - Stars : 1.
9:15 of 1st period - David Legwand wins face-off versus Jonathan Toews in neutral zone.
9:19 of 1st period - Minor Penalty to Nathan Horton for Tripping.
9:20 of 1st period - Mike Modano wins face-off versus Erik Rasmussen in Stars zone.
9:28 of 1st period - Off-side.
9:29 of 1st period - Mike Modano wins face-off versus Patrick Marleau in neutral zone.
9:32 of 1st period - Wrist shot by Cory Stillman.
9:32 of 1st period - Deflect By Mike Modano.
9:32 of 1st period - Stopped by Byron Dafoe without a rebound.
9:33 of 1st period - Joe Pavelski wins face-off versus Mike Modano in Oilers zone.
9:40 of 1st period - Mike Modano is hit by Jonathan Toews and loses puck.
10:04 of 1st period - Slapshot by Jiri Slegr.
10:04 of 1st period - Shot Blocked by David Legwand.
10:06 of 1st period - Slapshot by Jiri Slegr.
10:06 of 1st period - Shot Blocked by David Legwand.
10:06 of 1st period - David Legwand from Stars is injured at 10:06 of 1st period (Strained Right Elbow).
10:07 of 1st period - Jonathan Toews wins face-off versus Mike Modano in Stars zone.
10:10 of 1st period - Snap shot by Jonathan Toews.
10:10 of 1st period - Goal by Jonathan Toews - Oilers : 1 - Stars : 1.
10:11 of 1st period - Erik Rasmussen wins face-off versus Steve Rucchin in neutral zone.
10:19 of 1st period - Johnny Oduya is hit by Patrick Marleau and loses puck.
10:36 of 1st period - Johnny Oduya is hit by Jonathan Toews and loses puck.
10:43 of 1st period - Wrist shot by Ilya Kovalchuk.
10:43 of 1st period - Stopped by Miika Kiprusoff without a rebound.
10:44 of 1st period - Steve Rucchin wins face-off versus Pavol Demitra in Stars zone.
10:49 of 1st period - Slapshot by Nathan Horton.
10:49 of 1st period - Stopped by Byron Dafoe without a rebound.
10:50 of 1st period - Jonathan Toews wins face-off versus Steve Rucchin in Oilers zone.
11:23 of 1st period - Snap shot by Patrik Elias.
11:23 of 1st period - Shot Misses the Net.
12:03 of 1st period - Wrist shot by Jonathan Toews.
12:03 of 1st period - Shot Blocked by Mathieu Schneider.
12:05 of 1st period - Snap shot by Pavol Demitra.
12:05 of 1st period - Shot Misses the Net.
12:07 of 1st period - Slapshot by Ian White.
12:07 of 1st period - Stopped by Miika Kiprusoff with a rebound.
12:09 of 1st period - Slapshot by Ilya Kovalchuk.
12:09 of 1st period - Stopped by Miika Kiprusoff without a rebound.
12:10 of 1st period - Mike Modano wins face-off versus Erik Rasmussen in Stars zone.
12:21 of 1st period - Slapshot by Patrik Elias.
12:21 of 1st period - Shot Blocked by Rob Scuderi.
12:23 of 1st period - Slapshot by Randy Jones.
12:23 of 1st period - Stopped by Byron Dafoe with a rebound.
12:25 of 1st period - Snap shot by Alexei Kovalev.
12:25 of 1st period - Stopped by Byron Dafoe with a rebound.
12:35 of 1st period - Ilya Kovalchuk is hit by Cory Stillman and loses puck.
13:27 of 1st period - Icing by Mathieu Schneider.
13:28 of 1st period - Mike Modano wins face-off versus Erik Rasmussen in Stars zone.
14:19 of 1st period - Snap shot by Marty Reasoner.
14:19 of 1st period - Shot Misses the Net.
14:25 of 1st period - Marty Reasoner is hit by Mark Parrish and loses puck.
14:33 of 1st period - Icing by Mark Fistric.
14:34 of 1st period - Marty Reasoner wins face-off versus Steve Rucchin in Oilers zone.
14:45 of 1st period - Snap shot by Marcus Nilson.
14:45 of 1st period - Deflect By Steve Rucchin.
14:45 of 1st period - Stopped by Byron Dafoe with a rebound.
14:47 of 1st period - Backhand shot by Brendan Bell.
14:47 of 1st period - Shot Blocked by Mark Fistric.
14:49 of 1st period - Wrist shot by Steve Rucchin.
14:49 of 1st period - Shot Blocked by Mark Fistric.
15:52 of 1st period - Slapshot by Johnny Oduya.
15:52 of 1st period - Deflect By Steve Rucchin.
15:52 of 1st period - Shot Blocked by Kurtis Foster.
15:52 of 1st period - Puck is out of play.
15:53 of 1st period - Erik Rasmussen wins face-off versus Steve Rucchin in Oilers zone.
16:18 of 1st period - Filip Novak is hit by Jiri Slegr and loses puck.
17:01 of 1st period - Wrist shot by Vernon Fiddler.
17:01 of 1st period - Shot Misses the Net.
17:07 of 1st period - Ian White is hit by Johnny Oduya and loses puck.
17:20 of 1st period - Snap shot by Patrik Elias.
17:20 of 1st period - Stopped by Byron Dafoe with a rebound.
17:40 of 1st period - Kurtis Foster is hit by Branislav Mezei and loses puck.
17:57 of 1st period - Kurtis Foster is hit by Cory Stillman and loses puck.
18:09 of 1st period - Steve Begin is hit by Marcus Nilson and loses puck.
2nd period
0:01 of 2nd period - Steve Rucchin wins face-off versus Jonathan Toews in neutral zone.
0:36 of 2nd period - Wrist shot by Erik Rasmussen.
0:36 of 2nd period - Shot Blocked by Mike Modano.
0:38 of 2nd period - Snap shot by Joe Pavelski.
0:38 of 2nd period - Shot Misses the Net.
0:48 of 2nd period - Ian White is hit by Mathieu Schneider.
0:56 of 2nd period - Wrist shot by Steve Begin.
0:56 of 2nd period - Shot Misses the Net.
2:13 of 2nd period - Slapshot by Kurtis Foster.
2:13 of 2nd period - Stopped by Miika Kiprusoff without a rebound.
2:14 of 2nd period - Marty Reasoner wins face-off versus Mike Modano in Stars zone.
2:17 of 2nd period - Wrist shot by Patrick Kaleta.
2:17 of 2nd period - Shot Misses the Net.
2:19 of 2nd period - Slapshot by Rob Scuderi.
2:19 of 2nd period - Stopped by Miika Kiprusoff without a rebound.
2:20 of 2nd period - Jonathan Toews wins face-off versus Steve Rucchin in Stars zone.
2:23 of 2nd period - Snap shot by Pavol Demitra.
2:23 of 2nd period - Goal by Pavol Demitra - Oilers : 2 - Stars : 1.
2:24 of 2nd period - Jonathan Toews wins face-off versus Steve Rucchin in neutral zone.
2:34 of 2nd period - Snap shot by Pavol Demitra.
2:34 of 2nd period - Deflect By Ilya Kovalchuk.
2:34 of 2nd period - Stopped by Miika Kiprusoff with a rebound.
2:36 of 2nd period - Slapshot by Jonathan Toews.
2:36 of 2nd period - Stopped by Miika Kiprusoff without a rebound.
2:37 of 2nd period - Cory Stillman wins face-off versus Erik Rasmussen in Stars zone.
2:42 of 2nd period - Wrist shot by Nathan Horton.
2:42 of 2nd period - Shot Misses the Net.
3:03 of 2nd period - Alexei Kovalev is hit by Kurtis Foster and loses puck.
3:28 of 2nd period - Snap shot by Steve Begin.
3:28 of 2nd period - Shot Blocked by Mark Parrish.
3:55 of 2nd period - Minor Penalty to Eric Nystrom for Tripping.
3:56 of 2nd period - Marty Reasoner wins face-off versus Steve Rucchin in Oilers zone.
4:01 of 2nd period - Slapshot by Joe Callahan.
4:01 of 2nd period - Shot Misses the Net.
4:50 of 2nd period - Backhand shot by Patrik Elias.
4:50 of 2nd period - Shot Misses the Net.
5:02 of 2nd period - Erik Rasmussen is hit by Mike Modano and loses puck.
5:45 of 2nd period - Snap shot by Mike Modano.
5:45 of 2nd period - Deflect By Ilya Kovalchuk.
5:45 of 2nd period - Shot Misses the Net.
5:45 of 2nd period - Puck is out of play.
5:46 of 2nd period - Steve Rucchin wins face-off versus Marty Reasoner in Oilers zone.
5:49 of 2nd period - Wrist shot by Cory Stillman.
5:49 of 2nd period - Deflect By Rob Scuderi.
5:49 of 2nd period - Stopped by Byron Dafoe with a rebound.
5:51 of 2nd period - Wrist shot by Steve Rucchin.
5:51 of 2nd period - Deflect By Steve Begin.
5:51 of 2nd period - Stopped by Byron Dafoe with a rebound.
5:53 of 2nd period - Snap shot by Nathan Horton.
5:53 of 2nd period - Stopped by Byron Dafoe without a rebound.
5:54 of 2nd period - Steve Rucchin wins face-off versus Marty Reasoner in Oilers zone.
5:55 of 2nd period - Penalty to Eric Nystrom is over, Eric Nystrom is back on ice.
6:03 of 2nd period - Slapshot by Cory Stillman.
6:03 of 2nd period - Shot Misses the Net.
6:05 of 2nd period - Slapshot by Branislav Mezei.
6:05 of 2nd period - Shot Blocked by Rob Scuderi.
6:07 of 2nd period - Slapshot by Cory Stillman.
6:07 of 2nd period - Stopped by Byron Dafoe with a rebound.
6:35 of 2nd period - Jan Hlavac is hit by Pavol Demitra and loses puck.
6:44 of 2nd period - Snap shot by Jan Hlavac.
6:44 of 2nd period - Shot Misses the Net.
7:00 of 2nd period - Snap shot by Joe Pavelski.
7:00 of 2nd period - Shot Misses the Net.
7:01 of 2nd period - Minor Penalty to Patrick Marleau for Holding.
7:02 of 2nd period - Steve Rucchin wins face-off versus Marty Reasoner in Oilers zone.
7:17 of 2nd period - Slapshot by Steve Rucchin.
7:17 of 2nd period - Stopped by Byron Dafoe with a rebound.
7:48 of 2nd period - Minor Penalty to Cory Stillman for Tripping.
7:49 of 2nd period - Erik Rasmussen wins face-off versus Steve Rucchin in Stars zone.
8:04 of 2nd period - Wrist shot by Erik Rasmussen.
8:04 of 2nd period - Stopped by Miika Kiprusoff with a rebound.
8:16 of 2nd period - Marty Reasoner is hit by Jan Hlavac and loses puck.
8:23 of 2nd period - Slapshot by Branislav Mezei.
8:23 of 2nd period - Stopped by Byron Dafoe without a rebound.
8:24 of 2nd period - Erik Rasmussen wins face-off versus Steve Rucchin in Oilers zone.
8:37 of 2nd period - Wrist shot by Ilya Kovalchuk.
8:37 of 2nd period - Shot Blocked by Steve Rucchin.
8:39 of 2nd period - Slapshot by Jiri Slegr.
8:39 of 2nd period - Shot Misses the Net.
8:55 of 2nd period - Wrist shot by Branislav Mezei.
8:55 of 2nd period - Deflect By Glen Metropolit.
8:55 of 2nd period - Stopped by Byron Dafoe without a rebound.
8:56 of 2nd period - Marty Reasoner wins face-off versus Marcus Nilson in Oilers zone.
9:01 of 2nd period - Penalty to Patrick Marleau is over, Patrick Marleau is back on ice.
9:14 of 2nd period - Minor Penalty to Johnny Oduya for Hooking.
9:15 of 2nd period - Joe Pavelski wins face-off versus Mike Modano in Stars zone.
9:18 of 2nd period - Wrist shot by Joe Pavelski.
9:18 of 2nd period - Shot Blocked by Filip Novak.
9:20 of 2nd period - Snap shot by Ilya Kovalchuk.
9:20 of 2nd period - Stopped by Miika Kiprusoff with a rebound.
9:22 of 2nd period - Snap shot by Ilya Kovalchuk.
9:22 of 2nd period - Deflect By Joe Pavelski.
9:22 of 2nd period - Stopped by Miika Kiprusoff without a rebound.
9:23 of 2nd period - Mike Modano wins face-off versus Jonathan Toews in Stars zone.
9:34 of 2nd period - Slapshot by Ilya Kovalchuk.
9:34 of 2nd period - Stopped by Miika Kiprusoff without a rebound.
9:35 of 2nd period - Pavol Demitra wins face-off versus Mike Modano in Stars zone.
9:48 of 2nd period - Penalty to Cory Stillman is over, Cory Stillman is back on ice.
9:56 of 2nd period - Backhand shot by Mike Modano.
9:56 of 2nd period - Stopped by Byron Dafoe with a rebound.
10:12 of 2nd period - Backhand shot by Mike Modano.
10:12 of 2nd period - Deflect By Cory Stillman.
10:12 of 2nd period - Stopped by Byron Dafoe with a rebound.
10:14 of 2nd period - Slapshot by Filip Novak.
10:14 of 2nd period - Stopped by Byron Dafoe with a rebound.
10:34 of 2nd period - Snap shot by Cory Stillman.
10:34 of 2nd period - Shot Misses the Net.
10:38 of 2nd period - Snap shot by Mike Modano.
10:38 of 2nd period - Shot Misses the Net.
10:52 of 2nd period - Wrist shot by Mike Modano.
10:52 of 2nd period - Stopped by Byron Dafoe with a rebound.
10:54 of 2nd period - Slapshot by Filip Novak.
10:54 of 2nd period - Deflect By Mike Modano.
10:54 of 2nd period - Stopped by Byron Dafoe with a rebound.
11:14 of 2nd period - Penalty to Johnny Oduya is over, Johnny Oduya is back on ice.
11:44 of 2nd period - Snap shot by Patrick Kaleta.
11:44 of 2nd period - Stopped by Miika Kiprusoff with a rebound.
11:56 of 2nd period - Icing by Glen Metropolit.
11:57 of 2nd period - Glen Metropolit wins face-off versus Vernon Fiddler in Stars zone.
12:14 of 2nd period - Slapshot by Mathieu Schneider.
12:14 of 2nd period - Shot Misses the Net.
12:32 of 2nd period - Snap shot by Steve Rucchin.
12:32 of 2nd period - Shot Blocked by Ian White.
12:38 of 2nd period - Slapshot by Steve Rucchin.
12:38 of 2nd period - Shot Misses the Net.
13:06 of 2nd period - Snap shot by Patrik Elias.
13:06 of 2nd period - Shot Misses the Net.
13:08 of 2nd period - Snap shot by Alexei Kovalev.
13:08 of 2nd period - Shot Misses the Net.
13:33 of 2nd period - Randy Jones is hit by Pascal Dupuis and loses puck.
13:46 of 2nd period - Icing by Brendan Bell.
13:47 of 2nd period - Mark Parrish wins face-off versus Jonathan Toews in Stars zone.
14:10 of 2nd period - Snap shot by Nathan Horton.
14:10 of 2nd period - Stopped by Byron Dafoe without a rebound.
14:11 of 2nd period - Marcus Nilson wins face-off versus Vernon Fiddler in Oilers zone.
14:42 of 2nd period - Slapshot by Mike Modano.
14:42 of 2nd period - Shot Misses the Net.
15:50 of 2nd period - Slapshot by Pavol Demitra.
15:50 of 2nd period - Shot Misses the Net.
15:52 of 2nd period - Wrist shot by Jonathan Toews.
15:52 of 2nd period - Shot Misses the Net.
15:54 of 2nd period - Snap shot by Jonathan Toews.
15:54 of 2nd period - Stopped by Miika Kiprusoff with a rebound.
16:10 of 2nd period - Wrist shot by Patrick Marleau.
16:10 of 2nd period - Deflect By Mark Parrish.
16:10 of 2nd period - Shot Blocked by Brendan Bell.
16:10 of 2nd period - Puck is out of play.
16:11 of 2nd period - Glen Metropolit wins face-off versus Erik Rasmussen in Stars zone.
16:11 of 2nd period - Glen Metropolit is hit by Rob Scuderi.
16:19 of 2nd period - Slapshot by Joe Pavelski.
16:19 of 2nd period - Deflect By Patrick Marleau.
16:19 of 2nd period - Stopped by Miika Kiprusoff without a rebound.
16:20 of 2nd period - Steve Rucchin wins face-off versus Erik Rasmussen in Stars zone.
16:47 of 2nd period - Snap shot by Alexei Kovalev.
16:47 of 2nd period - Stopped by Byron Dafoe with a rebound.
16:49 of 2nd period - Slapshot by Branislav Mezei.
16:49 of 2nd period - Stopped by Byron Dafoe without a rebound.
16:50 of 2nd period - Mike Modano wins face-off versus Jonathan Toews in Oilers zone.
17:16 of 2nd period - Icing by Cory Stillman.
17:17 of 2nd period - Steve Rucchin wins face-off versus Patrick Marleau in Stars zone.
17:22 of 2nd period - Slapshot by Erik Rasmussen.
17:22 of 2nd period - Deflect By Johnny Oduya.
17:22 of 2nd period - Stopped by Miika Kiprusoff with a rebound.
17:24 of 2nd period - Snap shot by Rob Scuderi.
17:24 of 2nd period - Shot Misses the Net.
17:26 of 2nd period - Snap shot by Kurtis Foster.
17:26 of 2nd period - Stopped by Miika Kiprusoff without a rebound.
17:27 of 2nd period - Steve Rucchin wins face-off versus Erik Rasmussen in Stars zone.
17:27 of 2nd period - Steve Rucchin is hit by Patrick Marleau.
17:43 of 2nd period - Slapshot by Steve Rucchin.
17:43 of 2nd period - Deflect By Cory Stillman.
17:43 of 2nd period - Stopped by Byron Dafoe with a rebound.
18:23 of 2nd period - Wrist shot by Patrick Kaleta.
18:23 of 2nd period - Shot Blocked by Jan Hlavac.
18:25 of 2nd period - Snap shot by Kurtis Foster.
18:25 of 2nd period - Shot Blocked by Mathieu Schneider.
18:55 of 2nd period - Icing by Alexei Kovalev.
18:56 of 2nd period - Mike Modano wins face-off versus Erik Rasmussen in Stars zone.
19:24 of 2nd period - Wrist shot by Erik Rasmussen.
19:24 of 2nd period - Deflect By Patrick Marleau.
19:24 of 2nd period - Shot Blocked by Brendan Bell.
19:24 of 2nd period - Puck is out of play.
19:25 of 2nd period - Jonathan Toews wins face-off versus Steve Rucchin in Stars zone.
19:30 of 2nd period - Snap shot by Ilya Kovalchuk.
19:30 of 2nd period - Stopped by Miika Kiprusoff without a rebound.
19:31 of 2nd period - Steve Rucchin wins face-off versus Jonathan Toews in Stars zone.
3rd period
0:01 of 3rd period - Erik Rasmussen wins face-off versus Steve Rucchin in neutral zone.
0:23 of 3rd period - Icing by Steve Rucchin.
0:24 of 3rd period - Jonathan Toews wins face-off versus Mike Modano in Stars zone.
0:49 of 3rd period - Nathan Horton is hit by Patrick Marleau and loses puck.
1:01 of 3rd period - Icing by Ian White.
1:02 of 3rd period - Mike Modano wins face-off versus Erik Rasmussen in Oilers zone.
1:29 of 3rd period - Jonathan Toews is hit by Steve Rucchin and loses puck.
2:49 of 3rd period - Ilya Kovalchuk is hit by Mike Modano and loses puck.
2:58 of 3rd period - Snap shot by Pavol Demitra.
2:58 of 3rd period - Shot Misses the Net.
3:10 of 3rd period - Wrist shot by Patrick Kaleta.
3:10 of 3rd period - Stopped by Miika Kiprusoff with a rebound.
3:12 of 3rd period - Slapshot by Mark Fistric.
3:12 of 3rd period - Deflect By Branislav Mezei.
3:12 of 3rd period - Stopped by Miika Kiprusoff with a rebound.
3:14 of 3rd period - Wrist shot by Patrick Kaleta.
3:14 of 3rd period - Shot Misses the Net.
3:21 of 3rd period - Icing by Jan Hlavac.
3:22 of 3rd period - Glen Metropolit wins face-off versus Erik Rasmussen in Stars zone.
5:36 of 3rd period - Slapshot by Ilya Kovalchuk.
5:36 of 3rd period - Goal by Ilya Kovalchuk - Oilers : 3 - Stars : 1.
5:37 of 3rd period - Steve Rucchin wins face-off versus Erik Rasmussen in neutral zone.
6:04 of 3rd period - Patrik Elias is hit by Jiri Slegr and loses puck.
6:25 of 3rd period - Backhand shot by Jan Hlavac.
6:25 of 3rd period - Stopped by Byron Dafoe without a rebound.
6:26 of 3rd period - Glen Metropolit wins face-off versus Marty Reasoner in Oilers zone.
6:41 of 3rd period - Slapshot by Joe Callahan.
6:41 of 3rd period - Deflect By Steve Begin.
6:41 of 3rd period - Shot Misses the Net.
6:41 of 3rd period - Puck is out of play.
6:42 of 3rd period - Steve Rucchin wins face-off versus Erik Rasmussen in Stars zone.
6:51 of 3rd period - Minor Penalty to Cory Stillman for High sticking.
6:52 of 3rd period - Mike Modano wins face-off versus Jonathan Toews in Stars zone.
6:57 of 3rd period - Wrist shot by Glen Metropolit.
6:57 of 3rd period - Shot Misses the Net.
8:32 of 3rd period - Minor Penalty to Ian White for Hooking.
8:33 of 3rd period - Steve Rucchin wins face-off versus Marty Reasoner in Oilers zone.
8:51 of 3rd period - Penalty to Cory Stillman is over, Cory Stillman is back on ice.
8:54 of 3rd period - Wrist shot by Mathieu Schneider.
8:54 of 3rd period - Stopped by Byron Dafoe with a rebound.
9:00 of 3rd period - Wrist shot by Nathan Horton.
9:00 of 3rd period - Deflect By Cory Stillman.
9:00 of 3rd period - Goal by Cory Stillman - Oilers : 3 - Stars : 2.
9:01 of 3rd period - Steve Rucchin wins face-off versus Erik Rasmussen in neutral zone.
9:14 of 3rd period - Slapshot by Erik Rasmussen.
9:14 of 3rd period - Stopped by Miika Kiprusoff with a rebound.
9:16 of 3rd period - Slapshot by Kurtis Foster.
9:16 of 3rd period - Stopped by Miika Kiprusoff with a rebound.
9:32 of 3rd period - Wrist shot by Ilya Kovalchuk.
9:32 of 3rd period - Stopped by Miika Kiprusoff with a rebound.
9:48 of 3rd period - Glen Metropolit is hit by Marty Reasoner and loses puck.
10:42 of 3rd period - Randy Jones is hit by Rob Scuderi and loses puck.
10:55 of 3rd period - Brendan Bell is hit by Eric Nystrom and loses puck.
11:59 of 3rd period - Snap shot by Mark Fistric.
11:59 of 3rd period - Stopped by Miika Kiprusoff without a rebound.
12:00 of 3rd period - Vernon Fiddler wins face-off versus Marcus Nilson in Stars zone.
12:15 of 3rd period - Wrist shot by Eric Nystrom.
12:15 of 3rd period - Shot Misses the Net.
12:57 of 3rd period - Wrist shot by Joe Pavelski.
12:57 of 3rd period - Shot Blocked by Alexei Kovalev.
13:20 of 3rd period - Off-side.
13:21 of 3rd period - Steve Rucchin wins face-off versus Jonathan Toews in neutral zone.
13:30 of 3rd period - Snap shot by Marcus Nilson.
13:30 of 3rd period - Shot Blocked by Jiri Slegr.
13:32 of 3rd period - Snap shot by Steve Rucchin.
13:32 of 3rd period - Stopped by Byron Dafoe without a rebound.
13:33 of 3rd period - Steve Rucchin wins face-off versus Erik Rasmussen in Oilers zone.
13:34 of 3rd period - Wrist shot by Nathan Horton.
13:34 of 3rd period - Stopped by Byron Dafoe with a rebound.
14:00 of 3rd period - Patrik Elias is hit by Ilya Kovalchuk and loses puck.
14:27 of 3rd period - Wrist shot by Glen Metropolit.
14:27 of 3rd period - Stopped by Byron Dafoe without a rebound.
14:28 of 3rd period - Erik Rasmussen wins face-off versus Steve Rucchin in Oilers zone.
14:28 of 3rd period - Erik Rasmussen is hit by Nathan Horton.
15:23 of 3rd period - Slapshot by Mathieu Schneider.
15:23 of 3rd period - Shot Blocked by Marty Reasoner.
15:35 of 3rd period - Evgeny Artyukhin is hit by Eric Nystrom and loses puck.
17:00 of 3rd period - Joe Callahan is hit by Alexei Kovalev and loses puck.
17:47 of 3rd period - Eric Nystrom is hit by Marcus Nilson and loses puck.
17:54 of 3rd period - Slapshot by Mathieu Schneider.
17:54 of 3rd period - Stopped by Byron Dafoe with a rebound.
18:16 of 3rd period - Wrist shot by Joe Pavelski.
18:16 of 3rd period - Goal by Joe Pavelski - Oilers : 4 - Stars : 2.
18:17 of 3rd period - Marty Reasoner wins face-off versus Steve Rucchin in neutral zone.
18:44 of 3rd period - Johnny Oduya is hit by Pavol Demitra and loses puck.
Output by the SimonT Hockey Simulator (STHS) for François Prévost -- Original Page W3C XHTML 1.0 Valid